[Event "Titled Tuesday Blitz December 20 Late 2022"]
[White "Moksh Amit Doshi"]
[Black "Shapiro, Bryan"]
[WhiteFideId "25064967"]
[BlackFideId "2087740"]
[WhiteElo "2297"]
[BlackElo "1899"]
[Result "1-0"]
[Round "01"]
[TimeControl "180+1"]
[Date "2022.12.21"]
[WhiteClock "0:01:51"]
[BlackClock "0:01:11"]

1. d4 Nf6 2. Nf3 e6 3. Bf4 c5 4. e3 b6 5. Nc3 a6 6. d5 Bb7 7. e4 d6 8. a4 e5 9. Be3 g6 10. Nd2 Qd7 11. Be2 Bg7 12. Nc4 Qc7 13. O-O O-O 14. Ra3 Nbd7 15. f4 Rfe8 16. f5 Rf8 17. Qc1 gxf5 18. Rxf5 Bc8 19. Bh6 Ne8 20. Rg5 Kh8 21. Rxg7 Nxg7 22. Qg5 Rg8 23. Nb5 axb5 24. Rg3 1-0


[Site "https://www.chess.com"]

[Event "Titled Tuesday Blitz December 20 Late 2022"]
[White "Movahed, Sina"]
[Black "Radovanovic, Dusan"]
[WhiteFideId "42520835"]
[BlackFideId "926868"]
[WhiteElo "2225"]
[BlackElo "2337"]
[Result "0-1"]
[Round "01"]
[TimeControl "180+1"]
[Date "2022.12.21"]
[WhiteClock "0:00:29"]
[BlackClock "0:00:24"]

1. e4 c5 2. Nf3 d6 3. d4 cxd4 4. Nxd4 Nf6 5. Nc3 g6 6. Be3 Bg7 7. f3 O-O 8. Qd2 Nc6 9. O-O-O Bd7 10. h4 Rc8 11. Kb1 Ne5 12. Nd5 Nxd5 13. exd5 h5 14. Bh6 Qb6 15. Nb3 Bf5 16. Nd4 Rxc2 17. Nxc2 Nc4 18. Qc1 Bxh6 19. Bxc4 Bxc1 20. Rxc1 Rc8 21. Bb3 a5 22. Ka1 Bxc2 23. Bxc2 Qf2 24. g4 Rxc2 0-1


[Site "https://www.chess.com"]

[Event "Titled Tuesday Blitz December 20 Late 2022"]
[White "Nakamura, Hikaru"]
[Black "Silva, Miguel Antonio Neto"]
[WhiteFideId "2016192"]
[BlackFideId "1911929"]
[WhiteElo "2909"]
[BlackElo "2223"]
[Result "1-0"]
[Round "01"]
[TimeControl "180+1"]
[Date "2022.12.20"]
[WhiteClock "0:01:50"]
[BlackClock "0:00:12"]

1. Nf3 c5 2. e4 d6 3. c3 Nf6 4. Bd3 Nc6 5. Bc2 e6 6. d4 cxd4 7. cxd4 Be7 8. Nc3 e5 9. d5 Nb4 10. Bb1 O-O 11. a3 Na6 12. b4 Bg4 13. h3 Bh5 14. O-O Rc8 15. Qd3 Nb8 16. Ne2 Nbd7 17. Ng3 Bg6 18. Nh4 Re8 19. Nhf5 Bf8 20. Be3 Nb6 21. Ba2 Nh5 22. Nxh5 Bxh5 23. Rfc1 Qd7 24. Bb3 Bg6 25. g4 h6 26. a4 Rxc1+ 27. Bxc1 a6 28. a5 Nc8 29. Ba4 Qd8 30. Bxe8 Qxe8 31. Be3 Qd7 32. Rc1 Bxf5 33. gxf5 Ne7 34. b5 axb5 35. Rb1 Qc7 36. Rxb5 Kh7 37. Qb1 Ng8 38. Rxb7 Qc4 39. Rxf7 Be7 40. Kh2 Bh4 41. Qg1 Bf6 42. a6 Qxa6 43. Qg6+ Kh8 44. Rf8 Qb7 45. Qe8 1-0


[Site "https://www.chess.com"]

[Event "Titled Tuesday Blitz December 20 Late 2022"]
[White "Nasuta, Grzegorz"]
[Black "Hansen, Torbjorn Ringdal"]
[WhiteFideId "1141686"]
[BlackFideId "1501720"]
[WhiteElo "2441"]
[BlackElo "2383"]
[Result "1-0"]
[Round "01"]
[TimeControl "180+1"]
[Date "2022.12.21"]
[WhiteClock "0:00:12"]
[BlackClock "0:01:12"]

1. e4 e5 2. Nf3 Nc6 3. Bc4 Nf6 4. d3 Bc5 5. O-O d6 6. c3 h6 7. Bb3 O-O 8. h3 a5 9. Re1 Re8 10. Nbd2 Be6 11. Ba4 Bd7 12. Nf1 Ba7 13. Ng3 Ne7 14. Bc2 Ng6 15. d4 c6 16. Be3 Qc7 17. Qd2 Kh7 18. a4 Bb6 19. Rad1 Rad8 20. Qc1 Bc8 21. b3 Be6 22. c4 exd4 23. Nxd4 Kg8 24. f4 d5 25. cxd5 cxd5 26. e5 Ne4 27. Bxe4 Qxc1 28. Rxc1 dxe4 29. Nxe6 Bxe3+ 30. Rxe3 fxe6 31. Rxe4 Rd3 32. Nh5 Rxb3 33. Rc7 Re7 34. Rec4 Rb4 35. Rxe7 Rxc4 36. Rxg7+ 1-0


[Site "https://www.chess.com"]

[Event "Titled Tuesday Blitz December 20 Late 2022"]
[White "Novikova, Galina"]
[Black "Gilmanov, Mansur"]
[WhiteFideId "4157095"]
[BlackFideId "4166868"]
[WhiteElo "1953"]
[BlackElo "2377"]
[Result "1-0"]
[Round "01"]
[TimeControl "180+1"]
[Date "2022.12.21"]
[WhiteClock "0:00:28"]
[BlackClock "0:00:50"]

1. e4 d5 2. exd5 Qxd5 3. Nf3 Nf6 4. Be2 Bf5 5. d4 e6 6. O-O Be7 7. c4 Qd8 8. Nc3 O-O 9. Bf4 h6 10. h3 c6 11. a3 Na6 12. b4 Nc7 13. Qb3 Bd6 14. Be3 Ne4 15. Rfd1 Qf6 16. Rac1 Rad8 17. Nxe4 Bxe4 18. Nd2 Bf5 19. Bf3 e5 20. Ne4 Bxe4 21. Bxe4 exd4 22. Bxd4 Qf4 23. Qf3 Qh2+ 24. Kf1 Rfe8 25. g3 Ne6 26. Qg2 Qxg2+ 27. Bxg2 Bb8 28. Be3 f5 29. b5 cxb5 30. cxb5 b6 31. Bc6 Rf8 32. Bd5 Kf7 33. Rc6 Rde8 34. Bxe6+ Rxe6 35. Rd7+ Ke8 36. Rb7 Rxc6 37. Rxb8+ Ke7 38. Rxf8 Rc3 39. Ra8 Rxa3 40. Bxb6 Rb3 41. Rxa7+ Ke6 42. Rxg7 Rxb5 43. Be3 Ke5 44. Bxh6 Rb6 45. Bf4+ Ke4 46. Kg2 Re6 47. Rd7 Re8 48. Rd1 Rg8 49. Re1+ Kd5 50. h4 Rf8 51. Re5+ Kd4 52. h5 Kd3 53. h6 Rh8 54. Rxf5 Ke4 55. Re5+ Kd4 56. Re3 Kd5 57. Kh3 Kd4 58. Kg4 Kd5 59. Kh5 Kd4 60. Kg6 Kd5 61. Kg7 Kd4 62. Kxh8 1-0


[Site "https://www.chess.com"]

[Event "Titled Tuesday Blitz December 20 Late 2022"]
[White "Olsen, Filip Boe"]
[Black "Horcajuelo Rocamora, Martin"]
[WhiteFideId "1440640"]
[BlackFideId "24573027"]
[WhiteElo "2333"]
[BlackElo "2094"]
[Result "1-0"]
[Round "01"]
[TimeControl "180+1"]
[Date "2022.12.21"]
[WhiteClock "0:01:41"]
[BlackClock "0:01:04"]

1. d4 c5 2. e3 e6 3. Nf3 Nf6 4. Bd3 b6 5. O-O Bb7 6. b3 cxd4 7. exd4 d5 8. Bb2 Bd6 9. Nbd2 O-O 10. Qe2 Nbd7 11. Ne5 Rc8 12. f4 Qc7 13. Rae1 Bb4 14. c3 Bxc3 15. Rc1 Bxb2 16. Rxc7 Bxd4+ 17. Kh1 Rxc7 18. Ndf3 Bc5 19. f5 Ne4 20. Nxd7 Rxd7 21. Ne5 Re7 22. Bxe4 dxe4 23. f6 gxf6 24. Rxf6 Bd4 25. Qg4+ Kh8 26. Qf4 Rc8 27. h3 Kg8 28. Qg5+ Kh8 29. Nxf7+ Rxf7 30. Rxf7 Rg8 31. Qe7 1-0


[Site "https://www.chess.com"]

[Event "Titled Tuesday Blitz December 20 Late 2022"]
[White "Omelja, Artem"]
[Black "Coelho, Ramyres Santana"]
[WhiteFideId "14119846"]
[BlackFideId "2120690"]
[WhiteElo "2404"]
[BlackElo "1888"]
[Result "0-1"]
[Round "01"]
[TimeControl "180+1"]
[Date "2022.12.21"]
[WhiteClock "0:00:07"]
[BlackClock "0:00:07"]

1. e4 c5 2. Nf3 d6 3. Bb5+ Nd7 4. a4 a6 5. Bc4 e6 6. O-O Ngf6 7. Re1 Qc7 8. a5 Be7 9. c3 O-O 10. d3 Ne5 11. Bb3 b6 12. axb6 Qxb6 13. Bc2 Bb7 14. Na3 Qc7 15. Bf4 Ng6 16. Bg3 e5 17. Nc4 Nh5 18. Ne3 Nhf4 19. Nf5 Bf6 20. Bb3 Kh8 21. Bc4 a5 22. Qd2 Bc6 23. Ra2 a4 24. Rea1 Rfb8 25. Bxf4 Nxf4 26. g3 Ng6 27. h4 Nf8 28. Ne1 Ne6 29. Nc2 Qd7 30. Nce3 Nc7 31. Ng4 Bd8 32. Kg2 f6 33. Nfe3 d5 34. exd5 Nxd5 35. Kh2 Nxe3 36. Nxe3 Bc7 37. b3 Rd8 38. bxa4 e4 39. d4 cxd4 40. Qxd4 Qe7 41. Bd5 f5 42. Qc4 Bxd5 43. Nxd5 Qxh4+ 44. Kg2 Bxg3 45. fxg3 Qg4 46. Nf4 Qf3+ 47. Kh2 Rd6 48. Qe2 Rh6+ 49. Nh3 Qxc3 50. Rd1 Rg8 51. Kg2 Qc6 52. Nf4 e3+ 53. Rd5 g5 54. Qb2+ Qf6 55. Qxf6+ Rxf6 56. Ne2 f4 57. gxf4 gxf4+ 58. Kf3 Rgf8 59. Rc2 Rh6 60. Rd4 Rh3+ 61. Ke4 f3 62. Nf4 e2 63. Rd1 exd1=Q 64. Rc7 Qe1+ 65. Kd4 Re8 66. Kd5 Qd2+ 67. Kc6 Qxf4 68. a5 Qxc7+ 69. Kxc7 Rh5 70. Kb6 Rxa5 71. Kxa5 f2 72. Kb6 f1=Q 73. Kc7 Qd1 0-1


[Site "https://www.chess.com"]

[Event "Titled Tuesday Blitz December 20 Late 2022"]
[White "Onslow, Alfie"]
[Black "Denishev, Marat"]
[WhiteFideId "436976"]
[BlackFideId "24131563"]
[WhiteElo "2015"]
[BlackElo "2194"]
[Result "0-1"]
[Round "01"]
[TimeControl "180+1"]
[Date "2022.12.21"]
[WhiteClock "0:00:18"]
[BlackClock "0:01:46"]

1. d4 Nf6 2. c4 c5 3. d5 e6 4. Nc3 exd5 5. cxd5 d6 6. e4 g6 7. Nf3 Bg7 8. Be2 O-O 9. O-O Bg4 10. Nd2 Bxe2 11. Qxe2 Re8 12. a4 Na6 13. Ra3 Nb4 14. Nc4 Nxe4 15. Nxe4 f5 16. Ncxd6 Qxd6 17. Nxd6 Rxe2 18. Nxb7 Nxd5 19. Nxc5 Rc8 20. Nd3 Bd4 21. Rb3 Rcc2 22. Rb8+ Kg7 23. Rb7+ Kf6 24. h4 f4 25. Bxf4 Nxf4 26. Nxf4 Rxf2 27. Rxf2 Rxf2 28. Nd5+ Ke5 29. Rb5 Rxb2+ 0-1


[Site "https://www.chess.com"]

[Event "Titled Tuesday Blitz December 20 Late 2022"]
[White "Ozates, Tuna"]
[Black "Sarana, Alexey"]
[WhiteFideId "6354521"]
[BlackFideId "24133795"]
[WhiteElo "2151"]
[BlackElo "2708"]
[Result "0-1"]
[Round "01"]
[TimeControl "180+1"]
[Date "2022.12.20"]
[WhiteClock "0:00:05"]
[BlackClock "0:01:19"]

1. e4 c5 2. Nf3 d6 3. Bb5+ Bd7 4. Bxd7+ Nxd7 5. O-O Ngf6 6. Qe2 e6 7. b3 Be7 8. Bb2 O-O 9. d4 cxd4 10. Nxd4 Qa5 11. c4 Rac8 12. Nc3 a6 13. Rac1 Qh5 14. f3 Rfd8 15. Kh1 Ne5 16. Rcd1 Ng6 17. g3 Qa5 18. f4 Qh5 19. Qxh5 Nxh5 20. f5 Nf8 21. g4 Nf6 22. g5 Ng4 23. Bc1 b5 24. Rg1 Nf2+ 25. Kg2 Nxd1 26. Rxd1 bxc4 27. b4 d5 28. exd5 exd5 29. a3 Rd7 30. Rf1 Bd8 31. f6 Bb6 32. Nf5 gxf6 33. gxf6 Ng6 34. Bh6 Re8 35. Bg7 h5 36. Rf3 d4 37. Nd1 c3 38. Nf2 Re2 39. Kf1 Rxf2+ 40. Rxf2 d3 41. Nh6+ Kh7 42. Nxf7 Rxf7 43. Rf5 c2 0-1


[Site "https://www.chess.com"]

[Event "Titled Tuesday Blitz December 20 Late 2022"]
[White "Pakleza, Zbigniew"]
[Black "D`Arruda, Ricardo D."]
[WhiteFideId "1119290"]
[BlackFideId "100692"]
[WhiteElo "2410"]
[BlackElo "2427"]
[Result "1-0"]
[Round "01"]
[TimeControl "180+1"]
[Date "2022.12.21"]
[WhiteClock "0:00:17"]
[BlackClock "0:00:03"]

1. d4 Nf6 2. Nf3 d6 3. Bf4 g6 4. h3 Bg7 5. e3 O-O 6. Be2 c5 7. c3 b6 8. O-O Bb7 9. Nbd2 Nc6 10. Bh2 Qc7 11. a4 Rfe8 12. Nc4 Rad8 13. Qb3 Na5 14. Nxa5 bxa5 15. dxc5 Bxf3 16. Bxf3 Qxc5 17. Qb5 Qb6 18. b4 axb4 19. Qxb6 axb6 20. cxb4 Nd7 21. Ra2 Be5 22. a5 bxa5 23. bxa5 Bxh2+ 24. Kxh2 Nc5 25. a6 d5 26. Rc1 Nd3 27. Rc7 e6 28. Be2 Ne5 29. Bb5 Rf8 30. a7 Ra8 31. f4 Nc4 32. Bxc4 dxc4 33. Rxc4 Rfd8 34. Rc7 Kg7 35. e4 h5 36. Rb7 Rdc8 37. Ra6 h4 38. Rxe6 Kg8 39. Ree7 1-0


[Site "https://www.chess.com"]

[Event "Titled Tuesday Blitz December 20 Late 2022"]
[White "Pappelis, Dimitrios"]
[Black "Nasir, Zehn"]
[WhiteFideId "4215281"]
[BlackFideId "2613239"]
[WhiteElo "2104"]
[BlackElo "1993"]
[Result "0-1"]
[Round "01"]
[TimeControl "180+1"]
[Date "2022.12.21"]
[WhiteClock "0:00:07"]
[BlackClock "0:00:40"]

1. Nf3 d5 2. e3 Nf6 3. c4 c6 4. b3 Bg4 5. Be2 Nbd7 6. Bb2 e6 7. O-O Bd6 8. d4 O-O 9. Nc3 Ne4 10. Rc1 f5 11. Nxe4 fxe4 12. Ne5 Bxe2 13. Qxe2 Rf5 14. f4 exf3 15. Rxf3 Rxf3 16. Qxf3 Bxe5 17. dxe5 Qg5 18. Qf4 Qg6 19. cxd5 exd5 20. Ba3 Qe6 21. Rf1 h6 22. Qf5 Qxf5 23. Rxf5 Re8 24. Bd6 g6 25. Rf3 Nxe5 26. Bxe5 Rxe5 27. Kf2 Rf5 28. Rxf5 gxf5 29. Kf3 Kg7 30. Kf4 Kf6 31. b4 b6 32. a4 a5 33. bxa5 bxa5 34. h3 h5 35. Kf3 Ke5 0-1


[Site "https://www.chess.com"]

[Event "Titled Tuesday Blitz December 20 Late 2022"]
[White "Paravyan, David"]
[Black "Janaszak, Dawid"]
[WhiteFideId "4194985"]
[BlackFideId "1119206"]
[WhiteElo "2551"]
[BlackElo "2220"]
[Result "1-0"]
[Round "01"]
[TimeControl "180+1"]
[Date "2022.12.20"]
[WhiteClock "0:00:12"]
[BlackClock "0:00:02"]

1. e4 c5 2. Nf3 e6 3. d4 cxd4 4. Nxd4 a6 5. Bd3 g6 6. O-O Bg7 7. c3 Nc6 8. Be3 d5 9. exd5 Qxd5 10. Be2 Nge7 11. Bf3 Qa5 12. Na3 O-O 13. Nc4 Qc7 14. Nxc6 Nxc6 15. Qd6 Qxd6 16. Nxd6 Ne5 17. Be4 f5 18. Bxb7 Bxb7 19. Nxb7 Rfb8 20. Nc5 Rxb2 21. Nxe6 Nc4 22. Nxg7 Nxe3 23. fxe3 Kxg7 24. Rf2 Rab8 25. Re1 Kf6 26. e4 Rb1 27. Rff1 Rxe1 28. Rxe1 Rb2 29. exf5 gxf5 30. a4 Ra2 31. c4 Rxa4 32. Rc1 Ke7 33. c5 Kd8 34. c6 Kc7 35. Rc5 f4 36. Kf2 Rd4 37. Kf3 h5 38. h4 Rd6 39. Rxh5 Kxc6 40. Kxf4 Rd4+ 41. Kf3 Rd3+ 42. Kf4 Kb6 43. g4 a5 44. Rh8 a4 45. Ra8 Kb5 46. h5 a3 47. h6 Rd4+ 48. Kf5 Rd5+ 49. Kg6 Rd6+ 50. Kh5 Rd3 51. h7 Rh3+ 52. Kg6 Kb4 53. h8=Q 1-0


[Site "https://www.chess.com"]

[Event "Titled Tuesday Blitz December 20 Late 2022"]
[White "Peatman, Carter"]
[Black "Ter-Sahakyan, Samvel"]
[WhiteFideId "2096480"]
[BlackFideId "13302531"]
[WhiteElo "2465"]
[BlackElo "2585"]
[Result "0-1"]
[Round "01"]
[TimeControl "180+1"]
[Date "2022.12.20"]
[WhiteClock "0:00:27"]
[BlackClock "0:01:46"]

1. d4 Nf6 2. Bf4 d5 3. e3 c5 4. c3 Nc6 5. Nd2 Bg4 6. Qb3 Qc8 7. Ngf3 e6 8. Ne5 a6 9. Qb6 Nxe5 10. dxe5 Nd7 11. Qb3 c4 12. Qc2 Bf5 13. e4 Bg6 14. Be2 Nc5 15. f3 Be7 16. O-O-O b5 17. h4 h6 18. h5 Bh7 19. g3 a5 20. Nf1 dxe4 21. fxe4 Bxe4 0-1


[Site "https://www.chess.com"]

[Event "Titled Tuesday Blitz December 20 Late 2022"]
[White "Pein, Jonathan"]
[Black "Kamsky, Gata"]
[WhiteFideId "417092"]
[BlackFideId "2000024"]
[WhiteElo "2225"]
[BlackElo "2666"]
[Result "0-1"]
[Round "01"]
[TimeControl "180+1"]
[Date "2022.12.20"]
[WhiteClock "0:00:15"]
[BlackClock "0:00:29"]

1. e4 g6 2. g3 Bg7 3. Bg2 c5 4. Ne2 Nc6 5. O-O d6 6. c3 e5 7. a3 Nge7 8. b4 O-O 9. d3 b6 10. b5 Nb8 11. c4 a6 12. Nbc3 axb5 13. Nxb5 Nbc6 14. Be3 Be6 15. Qd2 Qd7 16. Rab1 Ra6 17. Nec3 Nd4 18. Nd5 Nxb5 19. Rxb5 Nxd5 20. exd5 Bf5 21. Rfb1 Qa7 22. Bf1 Bd7 23. R5b3 f5 24. Bh6 Bxh6 25. Qxh6 f4 26. Qg5 Bf5 27. gxf4 exf4 28. Qxf4 Bxd3 29. Qxd6 Bxb1 30. Rxb1 Qf7 31. Qg3 Qf4 32. d6 Qxg3+ 33. hxg3 Rd8 34. Rd1 Rxa3 35. d7 Kf7 36. Rd6 Ke7 37. Rxb6 Rxd7 38. Bg2 Ra1+ 39. Kh2 Ra2 40. Bd5 Rxf2+ 41. Kg1 Rf6 42. Rb5 Rc7 43. Kg2 Kd6 44. Rb6+ Ke5 45. Rb8 Ra7 46. Re8+ Kd4 47. Re4+ Kc3 48. Re3+ Kb4 49. g4 Ra3 50. Re8 Rf4 51. Rb8+ Kc3 52. Kg3 g5 53. Re8 Kd4+ 54. Kg2 Rxg4+ 55. Kh2 Rh4+ 56. Kg2 h5 57. Re2 Rf4 58. Rd2+ Ke5 59. Re2+ Kf6 60. Re6+ Kf5 61. Re2 Rd4 62. Be6+ Kf6 63. Bd5 g4 64. Re6+ Kg5 65. Re5+ Kf4 66. Re2 h4 67. Kh2 h3 68. Rf2+ Kg5 69. Be6 Kh4 70. Bxg4 Rxg4 71. Rd2 Rg2+ 72. Rxg2 hxg2 73. Kg1 Kg4 74. Kh2 Kf4 75. Kg1 Ke4 76. Kf2 Kd4 77. Kg1 Kxc4 78. Kf2 Kd4 79. Kg1 c4 80. Kf2 c3 81. Kg1 c2 82. Kf2 c1=Q 83. Kxg2 Qd2+ 84. Kh1 Ra1# 0-1


[Site "https://www.chess.com"]

[Event "Titled Tuesday Blitz December 20 Late 2022"]
[White "Piliczewski, Bogusz"]
[Black "Fiorito, Joaquin"]
[WhiteFideId "1104144"]
[BlackFideId "180173"]
[WhiteElo "1896"]
[BlackElo "2157"]
[Result "0-1"]
[Round "01"]
[TimeControl "180+1"]
[Date "2022.12.21"]
[WhiteClock "0:01:37"]
[BlackClock "0:02:28"]

1. d4 Nf6 2. Bf4 d5 3. e3 c5 4. c3 Nc6 5. Nd2 Bf5 6. Ngf3 e6 7. Qb3 Qc8 8. Be2 c4 9. Qa4 a6 10. Qd1 h6 11. O-O Be7 12. h3 O-O 13. b3 b5 14. a4 b4 15. Qc1 bxc3 16. Qxc3 Bb4 17. Qc1 c3 18. Nb1 Na5 19. Bd1 c2 20. Bxc2 Bxc2 21. Qb2 Bxb1 22. Raxb1 Qb7 23. Rfc1 Rfc8 24. Ne5 Ne4 25. Nd3 Bc3 26. Qa3 Nd2 27. Nc5 Nxb1 28. Rxb1 Qb4 29. Qxb4 Bxb4 30. Rc1 Bxc5 31. dxc5 Nxb3 32. Rc3 Nxc5 0-1


[Site "https://www.chess.com"]

[Event "Titled Tuesday Blitz December 20 Late 2022"]
[White "Polster, Christian"]
[Black "Krishnan, Varun"]
[WhiteFideId "12965081"]
[BlackFideId "5054508"]
[WhiteElo "2195"]
[BlackElo "2589"]
[Result "0-1"]
[Round "01"]
[TimeControl "180+1"]
[Date "2022.12.21"]
[WhiteClock "0:00:12"]
[BlackClock "0:01:33"]

1. e4 e5 2. Nf3 Nc6 3. Bc4 Nf6 4. Ng5 d5 5. exd5 Na5 6. Bb5+ Bd7 7. Qe2 Bd6 8. Nc3 O-O 9. Bxd7 Qxd7 10. O-O c6 11. dxc6 Nxc6 12. Nf3 Rfe8 13. d3 Nd4 14. Nxd4 exd4 15. Ne4 Nxe4 16. dxe4 Qc6 17. f3 Rac8 18. Rf2 Qb6 19. Qd3 Bb8 20. b3 Rc3 21. Qd1 Qd6 22. Bb2 Qxh2+ 23. Kf1 Re3 24. Rd2 Bg3 25. Bxd4 Qh1# 0-1


[Site "https://www.chess.com"]

[Event "Titled Tuesday Blitz December 20 Late 2022"]
[White "Poltorak, Sebastian"]
[Black "Martins Jr Sobrinho, Manuel De"]
[WhiteFideId "1199498"]
[BlackFideId "2170310"]
[WhiteElo "2195"]
[BlackElo "1924"]
[Result "1-0"]
[Round "01"]
[TimeControl "180+1"]
[Date "2022.12.21"]
[WhiteClock "0:01:00"]
[BlackClock "0:00:11"]

1. d4 Nf6 2. c4 c5 3. d5 e6 4. Nc3 exd5 5. cxd5 d6 6. e4 g6 7. Nf3 Bg7 8. Be2 O-O 9. O-O Bg4 10. Nd2 Bxe2 11. Qxe2 a6 12. a4 Qe7 13. Nc4 Nbd7 14. a5 Ne8 15. f3 Ne5 16. Bf4 Nxc4 17. Qxc4 Be5 18. Bxe5 Qxe5 19. f4 Qe7 20. Rfe1 f6 21. Rad1 Kg7 22. Na4 Rd8 23. Nb6 Nc7 24. Re2 Nb5 25. Rde1 Nd4 26. Re3 g5 27. fxg5 fxg5 28. e5 dxe5 29. Rxe5 Qf6 30. Qf1 Qxf1+ 31. Rxf1 Rxf1+ 32. Kxf1 Kf6 33. Re4 Kf5 34. Re7 h5 35. Rxb7 Re8 36. Nc4 Rf8 37. Re7 Rb8 38. d6 Kf6 39. Re3 g4 40. d7 Rd8 41. Nb6 Nf5 42. Re8 1-0


[Site "https://www.chess.com"]

[Event "Titled Tuesday Blitz December 20 Late 2022"]
[White "Postnikov, Artem"]
[Black "Jobava, Baadur"]
[WhiteFideId "34153575"]
[BlackFideId "13601520"]
[WhiteElo "2243"]
[BlackElo "2582"]
[Result "0-1"]
[Round "01"]
[TimeControl "180+1"]
[Date "2022.12.20"]
[WhiteClock "0:00:03"]
[BlackClock "0:01:08"]

1. d4 Nf6 2. c4 c5 3. d5 g6 4. Nc3 Bg7 5. e4 d6 6. Nf3 O-O 7. Bd3 e6 8. O-O exd5 9. exd5 Bg4 10. h3 Bxf3 11. Qxf3 Nfd7 12. Qd1 Ne5 13. Be2 f5 14. f4 Nf7 15. Qc2 Nd7 16. Be3 Re8 17. Bf2 Bxc3 18. bxc3 Qc7 19. Bh4 Kg7 20. Bd3 Nf6 21. Bxf6+ Kxf6 22. Rae1 h5 23. g4 hxg4 24. hxg4 fxg4 25. Re6+ Rxe6 26. dxe6 Nh6 27. Bxg6 Kxe6 28. Qd2 Kf6 29. f5 Rh8 30. Re1 d5 31. Re6+ Kg7 32. Qxd5 Qg3+ 33. Qg2 Qxg2+ 34. Kxg2 Rd8 35. Re7+ Kf6 36. Rxb7 Kg5 37. Bh7 Rd2+ 38. Kg3 Rd3+ 39. Kg2 Rxc3 40. Rg7+ Kh4 41. f6 Rg3+ 42. Kf2 Rf3+ 43. Kg2 Rxf6 44. Bd3 Rd6 45. Be2 Rd2 46. Kf2 Nf5 47. Rh7+ Kg5 48. Rh8 Nd4 49. Rg8+ Kf5 0-1


[Site "https://www.chess.com"]

[Event "Titled Tuesday Blitz December 20 Late 2022"]
[White "Rangel, Daniel"]
[Black "Makarian, Rudik"]
[WhiteFideId "2124475"]
[BlackFideId "44105681"]
[WhiteElo "2225"]
[BlackElo "2440"]
[Result "0-1"]
[Round "01"]
[TimeControl "180+1"]
[Date "2022.12.20"]
[WhiteClock "0:00:20"]
[BlackClock "0:00:32"]

1. c4 g6 2. g3 Bg7 3. Bg2 e6 4. Nc3 Ne7 5. d4 d5 6. Nh3 Nbc6 7. cxd5 Nxd5 8. e4 Nxc3 9. bxc3 O-O 10. O-O Na5 11. Rb1 b6 12. Bg5 Qd7 13. Qc1 Bb7 14. Bh6 Rac8 15. Bxg7 Kxg7 16. Qg5 c5 17. Nf4 f6 18. Nh5+ Kh8 19. Nxf6 Qe7 20. e5 Bxg2 21. Kxg2 cxd4 22. cxd4 Rc2 23. Rbc1 Rxa2 24. Rc3 b5 25. Rc5 Nb3 26. Rxb5 Nxd4 27. Rb4 Qxb4 28. Qh4 Qb7+ 29. Kh3 Nf3 30. Qh6 Qg7 31. Qf4 Nxe5 32. Qxe5 Qxf6 0-1


[Site "https://www.chess.com"]

[Event "Titled Tuesday Blitz December 20 Late 2022"]
[White "Rasulov, Vugar"]
[Black "Kaplan, Avi Harrison"]
[WhiteFideId "13402390"]
[BlackFideId "30934559"]
[WhiteElo "2509"]
[BlackElo "1983"]
[Result "1-0"]
[Round "01"]
[TimeControl "180+1"]
[Date "2022.12.21"]
[WhiteClock "0:01:37"]
[BlackClock "0:00:06"]

1. e4 c5 2. Nc3 a6 3. Nf3 d6 4. d4 cxd4 5. Nxd4 Nf6 6. Be3 e5 7. Nf3 Qc7 8. a4 Be7 9. a5 O-O 10. Be2 h6 11. O-O Bd7 12. Bb6 Qc8 13. Nd5 Nxd5 14. exd5 f5 15. c4 f4 16. Bd3 g5 17. Rc1 g4 18. Nd2 f3 19. g3 Bf5 20. Qc2 Bxd3 21. Qxd3 Qe8 22. Ne4 Qh5 23. Rfe1 Nd7 24. Bc7 Rac8 25. Bxd6 Bxd6 26. Nxd6 Nc5 27. Qf1 Rcd8 28. b4 Nb3 29. Ne4 Kg7 30. h4 gxh3 31. Kh2 Qg4 32. Nc5 Nd4 33. Rxe5 Ne2 34. Re1 h5 35. Ne6+ Kf6 36. R5xe2 fxe2 37. Qxe2 Qxe2 38. Rxe2 Rb8 39. Nxf8 Rxf8 40. Kxh3 Kg5 41. f4+ Kg6 42. c5 Rd8 43. d6 Kf5 44. Re5+ Kf6 45. Kh4 b5 46. axb6 a5 47. bxa5 Rf8 48. d7 Kg7 49. c6 Rg8 50. Rg5+ Kh7 51. Rxg8 Kxg8 52. d8=Q+ Kg7 53. Qg5+ Kf7 54. c7 Ke6 55. c8=Q+ Kd6 56. Qe5# 1-0


[Site "https://www.chess.com"]

[Event "Titled Tuesday Blitz December 20 Late 2022"]
[White "Rego, Pedro Filipe"]
[Black "Zheng, Richard"]
[WhiteFideId "1904310"]
[BlackFideId "2624893"]
[WhiteElo "2193"]
[BlackElo "2639"]
[Result "1-0"]
[Round "01"]
[TimeControl "180+1"]
[Date "2022.12.21"]
[WhiteClock "0:00:44"]
[BlackClock "0:00:23"]

1. e4 c6 2. d4 d5 3. e5 Bf5 4. h4 h5 5. Bd3 Bxd3 6. Qxd3 e6 7. Nf3 a6 8. O-O c5 9. c4 Ne7 10. Nc3 dxc4 11. Qxc4 b5 12. Qe2 cxd4 13. Rd1 Nbc6 14. Ne4 Nf5 15. Bg5 Be7 16. a4 bxa4 17. Rxa4 Bxg5 18. Nfxg5 Nxe5 19. Ng3 Nxg3 20. Qxe5 Nf5 21. Nxe6 fxe6 22. Qxe6+ Ne7 23. Raxd4 Qc8 24. Rd7 Qc5 25. Re1 1-0


[Site "https://www.chess.com"]

[Event "Titled Tuesday Blitz December 20 Late 2022"]
[White "Renjith, Sravan"]
[Black "Antonio, Jorge Carlos"]
[WhiteFideId "4306783"]
[BlackFideId "113190"]
[WhiteElo "2072"]
[BlackElo "2247"]
[Result "1-0"]
[Round "01"]
[TimeControl "180+1"]
[Date "2022.12.21"]
[WhiteClock "0:01:22"]
[BlackClock "0:00:54"]

1. Nf3 d5 2. d4 c6 3. g3 Nf6 4. Bg2 Bg4 5. Ne5 Bh5 6. O-O Nbd7 7. Nxd7 Qxd7 8. Bf4 e6 9. Nd2 Bd6 10. Bxd6 Qxd6 11. c3 O-O 12. Re1 e5 13. dxe5 Qxe5 14. Qb3 Qc7 15. e4 Nxe4 16. Nxe4 dxe4 17. Rxe4 Bg6 18. Re2 Rfe8 19. Rae1 Rxe2 20. Rxe2 Rd8 21. Bf3 Bf5 22. c4 h6 23. h4 Rd3 24. Re8+ Kh7 25. Qc2 Rxf3 26. Qe2 Bg4 27. Qe4+ f5 28. Qe6 Qa5 29. Qg8+ Kg6 30. Re6+ Kh5 31. Qf7+ g6 32. Qxg6# 1-0


[Site "https://www.chess.com"]

[Event "Titled Tuesday Blitz December 20 Late 2022"]
[White "Rose, Felix"]
[Black "Yedidia, Daniel"]
[WhiteFideId "5105722"]
[BlackFideId "30905907"]
[WhiteElo "2039"]
[BlackElo "2568"]
[Result "0-1"]
[Round "01"]
[TimeControl "180+1"]
[Date "2022.12.21"]
[WhiteClock "0:00:10"]
[BlackClock "0:00:14"]

1. e4 e5 2. Nf3 Nc6 3. Bb5 a6 4. Ba4 Nf6 5. O-O Be7 6. Re1 b5 7. Bb3 O-O 8. h3 d6 9. c3 Nb8 10. d4 Nbd7 11. Nbd2 Bb7 12. Bc2 c5 13. d5 c4 14. b4 a5 15. Bb2 axb4 16. cxb4 Qc7 17. Nb1 Rfb8 18. Nc3 Bc8 19. Bc1 Nf8 20. Nh2 Ng6 21. Qf3 h6 22. Ng4 Nxg4 23. hxg4 Qd7 24. Bd1 Bg5 25. Bxg5 hxg5 26. g3 Ra3 27. Qe3 f6 28. Qc1 Rba8 29. Qb2 Qb7 30. Nb1 R3a7 31. a3 Qb6 32. Nc3 Bd7 33. Kg2 Kf7 34. Rh1 Rh8 35. Bf3 Raa8 36. Rxh8 Rxh8 37. Rh1 Rxh1 38. Kxh1 Qa7 39. Kg2 Ne7 40. Kf1 Qd4 41. Nd1 Qa7 42. Qc3 Ng8 43. Be2 Nh6 44. f3 Ng8 45. Qe3 Qa4 46. Qc3 Ne7 47. Ke1 Nc8 48. Kd2 Qa7 49. Qe3 Nb6 50. Kc2 Qa4+ 51. Kb2 Qa6 52. Nc3 Qb7 53. Bd1 Nc8 54. Bc2 Ne7 55. f4 gxf4 56. gxf4 exf4 57. Qxf4 Qb6 58. g5 Ng6 59. Qf2 Qxf2 60. gxf6 gxf6 61. a4 bxa4 62. b5 Qd4 63. b6 a3+ 64. Kxa3 Qxc3+ 65. Ka2 Qxc2+ 0-1


[Site "https://www.chess.com"]